 Dungeon Crawl Stone Soup version 0.24.1 (console) character file.

Game seed: 2284790654409679068, levelgen mode: deterministic

7350 Cab the Merchant of Misery (level 10, -9/70 HPs)
             Began as a Mummy Necromancer on Mar 24, 2020.
             Was a Believer of Kikubaaqudgha.
             Mangled by a yak (19 damage)
             ... on level 10 of the Dungeon.
             The game lasted 00:54:29 (8160 turns).

Cab the Merchant of Misery (Mummy Necromancer)      Turns: 8160, Time: 00:54:29

Health: -9/70      AC: 14    Str: 11    XL:     10   Next: 91%
Magic:  20/20      EV: 12    Int: 24    God:    Kikubaaqudgha [**....]
Gold:   431        SH:  0    Dex: 18    Spells: 15/23 levels left

rFire    . . .     SeeInvis .   j - +4 quarterstaff (chaos)
rCold    + + .     Gourm    .   (shield currently unavailable)
rNeg     + + +     Faith    .   p - +3 leather armour of Cocimn {Int+7}
rPois    ∞         Spirit   .   e - +0 helmet
rElec    .         Reflect  .   u - scarf {rC+ rF+}
rCorr    .         Harm     .   i - +0 pair of gloves
MR       +....                  b - +1 pair of boots
Stlth    ++........             o - amulet of magic regeneration
HPRegen  0.21/turn              g - +4 ring of protection
MPRegen  0.42/turn              a - +4 ring of dexterity

@: no status effects
A: no food or potions, fire vulnerability, cold resistance 1, negative energy
resistance 3, torment resistance, unbreathing
a: Receive Corpses, Renounce Religion


You were on level 10 of the Dungeon.
You worshipped Kikubaaqudgha.
Kikubaaqudgha was pleased with you.
You were not hungry.

You visited 2 branches of the dungeon, and saw 11 of its levels.

You collected 731 gold pieces.
You spent 300 gold pieces at shops.

Inventory:

Hand Weapons
 j - a +4 quarterstaff of chaos (weapon)
Armour
 b - a +1 pair of boots (worn)
 e - a +0 helmet (worn)
 i - a +0 pair of gloves (worn)
 p - the +3 leather armour of Cocimn (worn) {Int+7}
   (You found it on level 5 of the Dungeon)

   It affects your intelligence (+7).
 u - a scarf of resistance (worn)
Magical Staves
 n - an uncursed staff of death
Jewellery
 a - a +4 ring of dexterity (right hand)
 g - a +4 ring of protection (left hand)
 o - an amulet of magic regeneration (around neck)
Wands
 m - a wand of disintegration (14)
 q - a wand of scattershot (9)
 s - a wand of paralysis (6)
Scrolls
 c - 4 scrolls of magic mapping
 d - 3 scrolls of amnesia
 f - 7 scrolls of teleportation
 h - a scroll of fear
 l - 5 scrolls of remove curse
 r - 4 scrolls of identify
 t - a scroll of silence


   Skills:
 - Level 3.0 Fighting
 - Level 1.5 Dodging
 - Level 1.5 Stealth
 + Level 7.2 Spellcasting
 * Level 15.1 Necromancy


You had 15 spell levels left.
You knew the following spells:

 Your Spells              Type           Power        Failure   Level  Hunger
a - Pain                  Necr           ####         1%          1    N/A
b - Vampiric Draining     Necr           ######....   1%          3    N/A
c - Animate Dead          Necr           N/A          1%          4    N/A

Your spell library contained the following spells:

 Spells                   Type           Power        Failure   Level  Hunger
 Animate Skeleton         Necr           N/A          1%          1    N/A
 Corpse Rot               Necr           N/A          1%          2    N/A
 Corona                   Hex            #......      10%         1    N/A
 Summon Small Mammal      Summ           #...         10%         1    N/A
 Call Imp                 Summ           #.......     14%         2    N/A
 Ensorcelled Hibernation  Hex/Ice        #.....       14%         2    N/A
 Sticks to Snakes         Tmut           #.......     14%         2    N/A
 Call Canine Familiar     Summ           #.......     28%         3    N/A
 Confuse                  Hex            #.......     28%         3    N/A
 Dazzling Spray           Conj/Hex       #.....       28%         3    N/A
 Summon Guardian Golem    Hex/Summ       #.......     28%         3    N/A
 Tukima's Dance           Hex            #.......     28%         3    N/A
 Summon Ice Beast         Ice/Summ       #.......     67%         4    N/A
 Summon Lightning Spire   Summ/Air       #.......     67%         4    N/A
 Regeneration             Chrm/Necr      Unusable     N/A         3    N/A
 Beastly Appendage        Tmut           Unusable     N/A         1    N/A
 Spider Form              Tmut/Pois      Unusable     N/A         3    N/A
 Ice Form                 Ice/Tmut       Unusable     N/A         4    N/A
 Blade Hands              Tmut           Unusable     N/A         5    N/A

Dungeon Overview and Level Annotations

Branches:
Dungeon (10/15)            Temple (1/1) D:4            Lair (0/6) D:8
    Orc (0/2) D:9

Altars:
Ashenzari
Cheibriados
Dithmenos
Elyvilon
Fedhas
Gozag
Hepliaklqana
Kikubaaqudgha
Makhleb
Nemelex Xobeh
Okawaru
Qazlal
Ru
Sif Muna
Trog
Uskayaw
Vehumet
Wu Jian
Yredelemnul
Zin
The Shining One

Shops:
D:4 =


Innate Abilities, Weirdness & Mutations

You do not eat or drink.
Your flesh is vulnerable to fire.
You are immune to poison.
Your flesh is cold resistant. (rC+)
You are immune to negative energy. (rN+++)
You are immune to unholy pain and torment.
You can survive without breathing.


Message History

The yak gores you but does no damage.
Casting: Pain (safe; 1% risk of failure)
Confirm with . or Enter, or press ? or * to list all spells.
Aiming: Pain (safe; 1% risk of failure)
Press: ? - help, Shift-Dir - straight line, f - yak
Aim: a yak (moderately wounded, berserk, fast, unusually strong, chance to defeat MR: 84%)
The yak writhes in agony!
The yak gores you. Something barely misses you.
You hit the yak.
You feel better.
The yak is heavily wounded.
The yak gores you but does no damage. Something gores you. The yak gores you!
You sock something! You burn something. Kikubaaqudgha accepts your kill.
Reactivating autopickup.
You feel a bit more experienced. The yak closely misses you. x2
You hit the yak but do no damage. The yak gores you! x2
* * * LOW HITPOINT WARNING * * *
The yak barely misses you. The yak gores you!!
You die...
Kikubaaqudgha rasps: "You have failed me!
Welcome... oblivion!"

▒▒▒∙∙∙∙∙∙∙∙∙∙∙∙▒ =▒
▒∙∙∙∙∙∙∙∙∙∙∙∙▒ ∙▒
▒∙∙∙∙∙∙∙∙∙∙∙∙▒ ∙▒
▒∙∙▒∙▒∙∙∙∙∙∙∙∙▒
▒▒▒▒▒∙▒▒▒▒▒
∙∙▒▒∙▒∙∙∙∙∙∙∙∙▒
▒∙∙∙∙∙∙∙∙∙▒ ▒
▒∙∙∙∙∙∙∙∙▒▒▒▒∙∙∙∙∙∙∙∙∙▒
∙∙(▒▒▒∙∙Y▒∙∙∙∙∙∙∙<∙∙∙∙∙▒
∙∙∙ ▒▒▒Y▒∙∙∙∙∙∙∙∙∙∙∙∙∙▒
∙∙ ▒∙@∙∙∙∙∙∙∙∙∙∙∙∙∙▒
∙∙∙∙∙∙∙∙∙∙∙∙∙∙∙∙∙∙∙∙∙▒
∙▒▒▒▒▒▒▒∙∙∙∙∙∙∙∙∙∙∙∙∙▒
▒∙∙∙∙∙∙∙∙∙∙∙∙∙▒
▒∙∙∙∙∙∙∙∙∙∙∙∙∙▒
▒∙∙∙∙∙∙∙∙∙∙∙∙∙▒
▒∙∙∙∙▒▒▒▒▒▒▒▒▒▒ ▒∙∙∙∙▒


You could see 2 yaks.

Vanquished Creatures
  A two-headed ogre (D:8)
  Pikel (D:5)
  Grinder (D:2)
  2 hogs (D:7)
  5 yaks
  2 hungry ghosts
  2 orc warriors (D:8)
  2 sky beasts
  A slave (D:5)
  The ghost of VPR the Charmwright, an amateur GnSk (D:3)
  A phantom (D:9)
  2 ice beasts
  3 ogres
  4 centaurs
  7 bullfrogs
  A scorpion (D:8)
  11 killer bees (D:9)
  2 wights (D:8)
  A howler monkey (D:7)
  7 crimson imps
  2 jellies
  3 orc priests
  Crazy Yiuf (D:2)
  8 hounds
  A bullfrog skeleton (D:5)
  11 orc wizards
  Ijyb (D:3)
  An iguana (D:7)
  5 worker ants
  4 hound skeletons
  2 howler monkey skeletons
  6 adders
  2 oozes (D:2)
  An adder zombie (D:6)
  3 worms
  A dart slug (D:1)
  2 leopard geckos
  26 orcs
  4 giant cockroaches
  6 goblins
  12 hobgoblins
  11 jackals
  4 quokkas
  7 bats
  4 frilled lizards
  9 kobolds
  A leopard gecko zombie (D:8)
  7 rats
202 creatures vanquished.

Vanquished Creatures (collateral kills)
  Harold (D:7)
  A queen bee (D:9)
  A hog (D:7)
  A human (D:7)
  A crocodile (D:7)
  2 wights (D:8)
  8 killer bees (D:9)
  2 howler monkeys (D:7)
  2 crimson imps
  A hound skeleton (D:8)
  An adder (D:7)
  3 orcs (D:8)
  2 jackals (D:5)
26 creatures vanquished.

Vanquished Creatures (others)
  A bullfrog (D:8)
  A bullfrog zombie (D:8)
2 creatures vanquished.

Grand Total: 230 creatures vanquished

Notes
Turn   | Place    | Note
-------+----------+-------------------------------------------
     0 | D:1      | Cab the Mummy Necromancer began the quest for the Orb.
     0 | D:1      | Reached XP level 1. HP: 13/13 MP: 4/4
   204 | D:1      | Reached XP level 2. HP: 17/19 MP: 1/5
   668 | D:1      | Reached skill level 5 in Necromancy
   869 | D:1      | Reached XP level 3. HP: 24/24 MP: 5/7
   895 | D:1      | Learned a level 3 spell: Vampiric Draining
  1093 | D:2      | Found a glowing silver altar of Zin.
  1331 | D:2      | Reached XP level 4. HP: 27/30 MP: 2/8
  1411 | D:2      | Learned a level 4 spell: Animate Dead
  1503 | D:2      | Found a runed translucent door.
  1504 | D:2      | Noticed Crazy Yiuf
  1512 | D:2      | Killed Crazy Yiuf
  1512 | D:2      | Reached skill level 6 in Necromancy
  1749 | D:3      | Noticed Grinder
  1777 | D:3      | Paralysed by Grinder for 4 turns
  1793 | D:2      | Killed Grinder
  1793 | D:2      | Reached skill level 7 in Necromancy
  1793 | D:2      | Reached XP level 5. HP: 28/35 MP: 9/9
  1793 | D:2      | Reached XP level 6. HP: 33/41 MP: 10/10
  2010 | D:3      | Found a blossoming altar of Fedhas.
  2059 | D:3      | Noticed Ijyb
  2075 | D:3      | Killed Ijyb
  2273 | D:3      | Found a runed translucent door.
  2274 | D:3      | Noticed VPR's ghost (amateur GnSk)
  2470 | D:4      | Found a staircase to the Ecumenical Temple.
  2594 | D:4      | Reached skill level 8 in Necromancy
  2721 | D:4      | Reached XP level 7. HP: 46/46 MP: 11/11
  2973 | D:4      | Found Pamehuh's Jewellery Shoppe.
  3010 | D:4      | Reached skill level 9 in Necromancy
  3352 | D:3      | Killed VPR's ghost
  3502 | D:4      | Bought an uncursed amulet of magic regeneration for 300
                  | gold pieces
  3575 | D:5      | Entered Level 5 of the Dungeon
  3643 | D:5      | Found a bloodstained altar of Trog.
  3668 | D:5      | Reached skill level 10 in Necromancy
  3668 | D:5      | Reached XP level 8. HP: 52/52 MP: 9/13
  3750 | D:5      | Got a blackened leather armour
  3761 | D:5      | Identified the +3 leather armour of Cocimn {Int+7} (You
                  | found it on level 5 of the Dungeon)
  3793 | D:5      | Found a hazy altar of Hepliaklqana.
  3874 | D:5      | Found an ornate altar of the Wu Jian Council.
  3976 | D:5      | Noticed Pikel
  3999 | D:5      | Killed Pikel
  3999 | D:5      | Reached skill level 5 in Spellcasting
  3999 | D:5      | Reached skill level 11 in Necromancy
  4096 | Temple   | Entered the Ecumenical Temple
  4213 | Temple   | Became a worshipper of Kikubaaqudgha
  4579 | D:6      | Reached XP level 9. HP: 54/57 MP: 16/18
  4631 | D:6      | Found a stormy altar of Qazlal.
  5200 | D:7      | Found a snail-covered altar of Cheibriados.
  5287 | D:7      | Reached skill level 12 in Necromancy
  5329 | D:7      | Reached * piety under Kikubaaqudgha
  5329 | D:7      | Identified Kikubaaqudgha's Handbook of Sinister Rites
                  | (Kikubaaqudgha gifted it to you on level 7 of the Dungeon)
  5329 | D:7      | Received a gift from Kikubaaqudgha
  5433 | D:7      | Noticed Harold
  5448 | D:7      | Killed Harold
  5448 | D:7      | Reached skill level 1 in Fighting
  5448 | D:7      | Reached skill level 13 in Necromancy
  5651 | D:7      | Reached XP level 10. HP: 59/67 MP: 10/19
  6053 | D:8      | Found a staircase to the Lair.
  6090 | D:8      | Found a sacrificial altar of Ru.
  6313 | D:8      | Noticed a two-headed ogre
  6326 | D:8      | Killed a two-headed ogre
  6326 | D:8      | Reached skill level 14 in Necromancy
  6343 | D:8      | Reached ** piety under Kikubaaqudgha
  7614 | D:9      | Found a staircase to the Orcish Mines.
  7866 | D:9      | Reached skill level 15 in Necromancy
  7954 | D:10     | Entered Level 10 of the Dungeon
  8160 | D:10     | Mangled by a yak

Levels and vault maps discovered:
D:1:      scummos_arrival_simple_crosswalls, layout_basic
D:2:      layout_rooms, nicolae_overflow_crystal_walls, uniq_crazy_yiuf_cottage
D:3:      layout_basic, ebering_ghost_sewer_d, first_ration, glass_columns_a,
          fedhas_altar_fruit_tree, uniq_ijyb, uniq_grinder
D:4:      minmay_skewed_foursquare, layout_basic, minmay_temple_entry_statues,
          serial_shops, nicolae_shop_window_shopping, minmay_bent
D:5:      layout_gridville, lemuel_doored_altar, lemuel_round_altar,
          trog_three_pillars_becter, uniq_pikel
D:6:      layout_loops_ring, kennysheep_mini_moat
D:7:      layout_gridville, cheibrodos_worm_habitat, grunt_livestock,
          small_statue_intersection, chequers_serial_rivers_marsh,
          minmay_a_box_with_orc_wizards_in_it, uniq_harold
D:8:      layout_basic, nicolae_ru_awakened_eye, dpeg_oklobed_lair
D:9:      layout_roguey, orc_0_dummy, special_room [special_room_bee]
D:10:     layout_rooms, serial_glass, glass_columns_c, glass_columns_b,
          basic_altar
Temple:   regret_index_temple_sphere_string

Skill      XL: |  1  2  3  4  5  6  7  8  9 10 |
---------------+-------------------------------+-----
Necromancy     | 5 7 8 10 11 13 15 | 15.1
Spellcasting   | 3 6 7 |  7.2
Fighting       | 1 3 |  3.0
Dodging        | |  1.5
Stealth        | |  1.5

Action                   |  1- 3 |  4- 6 |  7- 9 | 10-12 || total
-------------------------+-------+-------+-------+-------++-------
Melee: Unarmed           |    73 |     1 |       |       ||    74
       Quarterstaff      |       |    53 |   267 |   168 ||   488
 Cast: Pain              |    76 |    28 |    47 |    16 ||   167
       Vampiric Draining |       |     5 |    27 |    39 ||    71
       Animate Dead      |       |       |     8 |     8 ||    16
Invok: Receive Corpses   |       |       |       |     2 ||     2
Evoke: Wand              |       |       |       |     1 ||     1
  Use: Scroll            |       |     8 |     4 |     3 ||    15
 Stab: Confused          |       |     1 |       |     1 ||     2
       Sleeping          |       |     3 |     1 |       ||     4
       Paralysed         |       |       |     6 |       ||     6
Armor: Robe              |    30 |    33 |    25 |       ||    88
       Leather armour    |       |       |   135 |   144 ||   279
Dodge: Dodged            |    68 |    40 |   194 |   156 ||   458
